cohdb
Replays
Latest Replays
All Replays
Popular Replays
Top Player Replays
Match Explorer
How It Works
Community
CoH3 Stats
Reddit
Sign in to upload your games and track your stats! →
Sign in with Steam
Match 41887551
Unlisted
Match 41887551
Overview
Messages
Build Orders
End
Panzergrenadier Squad
Selects Battlefield Espionage Battlegroup
250 Light Carrier
Panzergrenadier Squad
Construct Light Support Kompanie
Selects Intel Disruption Beacon
Panzergrenadier Squad
2.5-tonne Medical Truck
Combat Half-tracks
Construct Mechanized Kompanie
MG34 Team
Panzerjäger Mechanized Group
Construct Panzerarmee Kommand
Veteran Squad Leaders
Panzer III L Medium Tank
Panzer III L Medium Tank
Selects Plunder
Selects 250/3 Funkpanzerwagen
Selects Advanced Ambush Training
Selects Firestorm
Emergency Repair Kits
Firestorm
Tungsten Core Ammunition
Selects Operation Skorpion
Rapid Advance
John Smurfington the Fourth
Toyota111
Bran
Dillbro
0
0
Comments
sign in to comment!
No comments posted yet!